 Dungeon Crawl Stone Soup version 0.22-a0-351-g29664b4 (webtiles) character file.

487 4thArraOfDagon the Firebug (level 7, -4/61 HPs)
             Began as an Octopode Fire Elementalist on Apr 13, 2018.
             Killed by divine providence
             ... invoked by an orc priest
              (11 damage)
             ... on level 5 of the Dungeon.
             The game lasted 00:05:51 (1217 turns).

4thArraOfDagon the Firebug (OpFE)                   Turns: 1217, Time: 00:05:52

Health: -4/61      AC: 23    Str:  7    XL:     7   Next: 13%
Magic:  0/12       EV:  2    Int: 19    God:
Gold:   58         SH:  0    Dex: 13    Spells: 4/12 levels left

rFire    . . .     SeeInvis .   g - +0 short sword
rCold    . . .     Gourm    .   (no shield)
rNeg     + + +     Faith    +   (helmet currently unavailable)
rPois    +         Spirit   .   a - amulet of faith
rElec    .         Reflect  .   (no ring)
rCorr    .         Harm     .   (no ring)
MR       .....     NoTele   +   (no ring)
Stlth    ++........             (no ring)
HPRegen  0.20/turn              (no ring)
MPRegen  0.13/turn              (no ring)
                                (no ring)
                                (no ring)

@: tree-form, very slightly contaminated
A: almost no armour, stealthy swim, (amphibious), 8 rings, (constrict 8)
a: no special abilities


You were on level 5 of the Dungeon.
You were not hungry.
You were a tree.
You visited 1 branch of the dungeon, and saw 6 of its levels.

You collected 58 gold pieces.

Inventory:

Hand Weapons
 g - a +0 short sword (weapon)
Jewellery
 a - an amulet of faith (around neck)
Scrolls
 h - a scroll of remove curse
 i - a scroll of identify {unknown}
Potions
 d - a potion of brilliance {unknown}
Comestibles
 b - 4 rations
 c - 5 chunks of flesh


   Skills:
 - Level 2.0 Dodging
 - Level 2.6 Stealth
 + Level 3.4 Spellcasting
 * Level 4.5 Conjurations
 * Level 5.5 Fire Magic


You had 4 spell levels left.
You knew the following spells:

 Your Spells              Type           Power        Failure   Level  Hunger
a - Flame Tongue          Conj/Fire      ###..        1%          1    None
b - Sticky Flame          Conj/Fire      ###.....     19%         4    ####...
c - Conjure Flame         Conj/Fire      ###.....     5%          3    ###....


Dungeon Overview and Level Annotations

Branches:
Dungeon (6/15)
 Temple: D:4-7

Altars:
Kikubaaqudgha
Trog

Annotations:
D:2 1 exclusion, Natasha


Innate Abilities, Weirdness & Mutations

You cannot wear most types of armour.
You are very stealthy in the water. (Stealth+)
((You are amphibious.))
You can wear up to eight rings at the same time.
((You can use your tentacles to constrict eight enemies at once.))
((Your skin changes colour to match your surroundings (Stealth+).))
((Your rubbery body absorbs attacks. (AC +1, EV +1)))


Message History

Confirm with . or Enter, or press ? or * to list all spells.
Aiming: Flame Tongue (safe; 1% risk of failure)
Press: ? - help, Shift-Dir - straight line, f - orc priest
Aim: an orc priest, wearing a chain mail (moderately wounded)
The flame tongue hits the orc priest.
The orc priest is severely wounded.
Casting: Flame Tongue (safe; 1% risk of failure)
Confirm with . or Enter, or press ? or * to list all spells.
Aiming: Flame Tongue (safe; 1% risk of failure)
Press: ? - help, Shift-Dir - straight line, f/p - orc priest
Aim: an orc priest, wearing a chain mail (severely wounded)
The flame tongue hits the orc priest.
The orc priest appears unharmed.
The orc priest is severely wounded.
The orc priest hits you but does no damage.
Unknown command.
You barely miss the orc priest.
The orc priest is severely wounded.
The orc priest invokes the aid of Beogh against you.
Beogh smites you!
You die...

#.# ######..# ..%.......
#...........#..###
#...........# ...#
#...........####.#########
...............)........
....>.....###.#########.
#####....###♣# #.#####.......
.........o.#o###.......# ...
.......<.....#.......### #...
.............#........###...
...........?.......##.##..#
...................##.##.#
..............(....##....#
.........................####
...................##.#......


You could see an orc priest.

Vanquished Creatures
  The ghost of Nib the Sneak, an amateur OpAs (D:4)
  An ogre (D:6)
  A centaur skeleton (D:4)
  2 orc priests (D:5)
  A hound (D:4)
  3 orc wizards (D:4)
  A bullfrog skeleton (D:4)
  An adder (D:3)
  An ooze (D:1)
  An adder zombie (D:5)
  A dart slug (D:2)
  7 orcs
  A giant cockroach (D:2)
  5 goblins
  3 hobgoblins
  2 jackals (D:3)
  7 bats
  3 frilled lizards
  2 kobolds (D:2)
  6 rats
50 creatures vanquished.

Notes
Turn   | Place    | Note
-------+----------+-------------------------------------------
     0 | D:1      | 4thArraOfDagon the Octopode Fire Elementalist began the quest for the Orb.
     0 | D:1      | Reached XP level 1. HP: 11/11 MP: 3/3
    87 | D:1      | Reached XP level 2. HP: 13/17 MP: 0/5
   296 | D:3      | Reached XP level 3. HP: 16/21 MP: 4/6
   421 | D:3      | Noticed an orc warrior
   524 | D:2      | Noticed Natasha
   672 | D:4      | Reached XP level 4. HP: 26/27 MP: 5/7
   683 | D:4      | Learned a level 4 spell: Sticky Flame
   698 | D:5      | Entered Level 5 of the Dungeon
   743 | D:4      | Reached skill level 4 in Fire Magic
   749 | D:4      | Learned a level 3 spell: Conjure Flame
   788 | D:4      | Reached XP level 5. HP: 30/31 MP: 4/9
   834 | D:4      | Noticed Nib's ghost (amateur OpAs)
   859 | D:4      | Killed Nib's ghost
   859 | D:4      | Reached skill level 5 in Fire Magic
   859 | D:4      | Reached XP level 6. HP: 36/36 MP: 0/10
   968 | D:6      | Found a bloodstained altar of Trog.
   968 | D:6      | Found an ancient bone altar of Kikubaaqudgha.
  1124 | D:4      | Reached XP level 7. HP: 29/41 MP: 7/12
  1217 | D:5      | Killed from afar by an orc priest

Vault maps used:
D:1:      kennysheep_arrival_seaside
D:2:      trog_book, uniq_natasha
D:3:      grunt_ministairs_9, st_stairs_10
D:4:      first_ration
D:5:      minmay_temple_entry_poolview, minmay_misc_feat_nine_boxes
D:6:      chequers_temple_overflow_statue_of_worship, lemuel_doored_altar,
          makhleb_altar_promises_db, serial_shops, shop, basic_altar,
          hangedman_decor_points, uniq_crazy_yiuf_cottage

Skill      XL: |  1  2  3  4  5  6 |
---------------+-------------------+-----
Conjurations   | 2 3 4 |  4.5
Fire Magic     | 4 5 |  5.5
Spellcasting   | 3 |  3.4
Dodging        | |  2.0
Stealth        | |  2.6

Action                   |  1- 3 |  4- 6 |  7- 9 || total
-------------------------+-------+-------+-------++-------
Melee: Unarmed           |    40 |       |       ||    40
       Constrict         |    16 |     4 |       ||    20
       Tentacles         |     7 |     4 |       ||    11
       Short sword       |     9 |    27 |     4 ||    40
 Cast: Flame Tongue      |    38 |    16 |    15 ||    69
       Conjure Flame     |       |     3 |       ||     3
       Sticky Flame      |       |     2 |       ||     2
  Use: Scroll            |     1 |     1 |       ||     2
       Potion            |       |     5 |     2 ||     7
 Stab: Sleeping          |     1 |       |       ||     1
  Eat: Chunk             |       |     2 |       ||     2
Armor: Skin              |    14 |     7 |     8 ||    29
Dodge: Dodged            |    67 |    16 |     1 ||    84

Table legend:
 A = Spawn XP
 B = Non-spawn XP
 C = Spawn XP percentage of total XP
 D = Spawn monster count
 E = Non-spawn monster count
 F = Spawn count percentage of total count
 G = Total turns spent on level
                    A         B        C        D         E        F      G
               +---------+---------+-------+---------+---------+-------+---------
         Total |       0 |     696 |   0.0 |       0 |      50 |   0.0 |  1217
               +---------+---------+-------+---------+---------+-------+---------
           D:1 |       0 |      17 |   0.0 |       0 |       9 |   0.0 |   178
           D:2 |       0 |      23 |   0.0 |       0 |      14 |   0.0 |   267
           D:3 |       0 |      29 |   0.0 |       0 |      10 |   0.0 |   186
           D:4 |       0 |     417 |   0.0 |       0 |      11 |   0.0 |   322
           D:5 |       0 |      94 |   0.0 |       0 |       5 |   0.0 |   130
           D:6 |       0 |     116 |   0.0 |       0 |       1 |   0.0 |   134
               +---------+---------+-------+---------+---------+-------+---------
